 Dungeon Crawl Stone Soup version 0.18.1-8-gdd0e5ea (webtiles) character file.

202 sveltemanboy the Poker (level 5, -9/45 HPs)
             Began as a Hill Orc Fighter on May 26, 2016.
             Was a Believer of Trog.
             Mangled by an ogre
             ... wielding a +0 giant club
              (23 damage)
             ... on level 4 of the Dungeon.
             The game lasted 00:04:18 (2292 turns).

sveltemanboy the Poker (Hill Orc Fighter)           Turns: 2292, Time: 00:04:18

Health: -9/45      AC:  8    Str: 20    XL:     5   Next: 80%
Magic:  5/5        EV: 10    Int:  8    God:    Trog [**....]
Gold:   137        SH:  0    Dex: 10    Spells: 0 memorised, 4 levels left

rFire  . . .     SeeInvis .     p - +2 spear (pierce)
rCold  . . .     Gourm    .     b - +0 scale mail
rNeg   . . .     Faith    .     (no shield)
rPois  .         Spirit   .     (no helmet)
rElec  .         Dismiss  .     (no cloak)
rCorr  .         Reflect  .     (no gloves)
SustAt .         Harm     .     e - +0 pair of boots
MR     .....                    (no amulet)
Stlth  ..........               (no ring)
                                (no ring)

@: not resistant to hostile enchantments, extremely unstealthy
A: no striking features
a: Berserk, Trog's Hand, Burn Spellbooks, Renounce Religion


You were on level 4 of the Dungeon.
You worshipped Trog.
Trog was pleased with you.
You were not hungry.

You visited 1 branch of the dungeon, and saw 4 of its levels.

You collected 137 gold pieces.

Inventory:

Hand Weapons
 a - a +0 trident
 p - a +2 spear of piercing (weapon)
Armour
 b - a +0 scale mail (worn)
 e - a +0 pair of boots (worn)
Scrolls
 c - a scroll of remove curse {unknown}
 k - a scroll of amnesia {unknown}
 o - a scroll of magic mapping {unknown}
 q - a scroll of recharging {unknown}
 t - a scroll of fog {unknown}
 u - a scroll of random uselessness {unknown}
 v - a scroll of identify {unknown}
 w - a scroll of enchant weapon {unknown}
Potions
 d - 3 potions of might
 g - a potion of resistance {unknown}
 j - a potion of brilliance {unknown}
 l - a potion of flight {unknown}
 m - 3 potions of curing {unknown}
 n - a potion of lignification {unknown}
 s - a potion of cancellation {unknown}
Comestibles
 f - 3 bread rations
 h - 2 slices of pizza
 i - a meat ration
 r - 4 chunks of flesh


   Skills:
 - Level 3.6 Fighting
 * Level 5.0 Polearms
 + Level 4.1 Armour
 + Level 1.5 Dodging
   Level 3.7 Shields


You had 4 spell levels left.
You didn't know any spells.

Dungeon Overview and Level Annotations

Branches:
Dungeon (4/15)
 Temple: D:4-7

Altars:
Fedhas
Qazlal
Trog


Message History

An ogre comes into view. It is wielding a giant club.
The ogre shouts!
Attack whom?
Press: ? - help, Dir - move target cursor, f - ogre
Aim: an ogre, wielding a giant club You reach to attack!
You puncture the ogre!
The ogre is moderately wounded.
Attack whom?
Press: ? - help, Dir - move target cursor, f/p - ogre
Aim: an ogre, wielding a giant club (moderately wounded)
You reach to attack!
You hit the ogre.
The ogre is heavily wounded.
You hit the ogre.
The ogre is severely wounded.
The ogre hits you with a giant club!!
You hit the ogre.
The ogre is severely wounded.
The ogre hits you with a giant club!!
Ouch! That really hurt!
You die...

##...##..###+#############
######...........
#................
#[.......<......
#...##........#
#...##.......(###+#
#..................
#..................
#......รท...@O.##
#...........:.#
#.............#
#.............#
......>.......#
..............#
........####### #...##..#


You could see an ogre.

Vanquished Creatures
  A crimson imp (D:4)
  An iguana (D:4)
  2 worker ants (D:4)
  3 adders
  A howler monkey skeleton (D:4)
  An adder skeleton (D:4)
  A dart slug (D:1)
  3 giant geckos
  3 orcs (D:3)
  6 bats
  3 giant cockroaches
  4 hobgoblins
  2 quokkas (D:2)
  2 ball pythons (D:2)
  2 giant newts (D:2)
  5 goblins
  5 kobolds
  8 rats
  A fungus (D:3)
54 creatures vanquished.

Notes
Turn   | Place    | Note
--------------------------------------------------------------
     0 | D:1      | sveltemanboy the Hill Orc Fighter began the quest for the Orb.
     0 | D:1      | Reached XP level 1. HP: 19/19 MP: 1/1
    69 | D:1      | Reached XP level 2. HP: 26/26 MP: 2/2
   241 | D:1      | Reached skill level 3 in Polearms
   447 | D:2      | Found a faded altar to an unknown god.
   457 | D:2      | Became a worshipper of Trog the Wrathful
   457 | D:2      | Reached * piety under Trog
   528 | D:2      | Reached XP level 3. HP: 10/31 MP: 3/3
  1246 | D:3      | Found a blossoming altar of Fedhas.
  1249 | D:3      | Found a stormy altar of Qazlal.
  1332 | D:3      | Reached XP level 4. HP: 39/39 MP: 4/4
  1344 | D:3      | Reached skill level 4 in Polearms
  1346 | D:3      | Reached ** piety under Trog
  1867 | D:4      | Reached skill level 1 in Dodging
  2141 | D:4      | Reached XP level 5. HP: 37/45 MP: 5/5
  2281 | D:4      | Reached skill level 5 in Polearms
  2286 | D:4      | Noticed an ogre
  2292 | D:4      | Mangled by an ogre

Skill      XL: |  1  2  3  4  5 |
---------------+----------------+-----
Polearms       | 3 4 5 |  5.0
Dodging        | 1 |  1.5
Armour         | 4 |  4.1
Fighting       | |  3.6
Shields        | |  3.7

Action                   |  1- 3 |  4- 6 || total
-------------------------+-------+-------++-------
Melee: Trident           |    68 |       ||    68
       Spear             |    37 |    63 ||   100
  Eat: Chunk             |     1 |     3 ||     4
Armor: Scale mail        |    38 |    15 ||    53
Dodge: Dodged            |    26 |    16 ||    42
Block: Shield            |    17 |       ||    17
